 Dungeon Crawl Stone Soup version 0.21-a0-531-gacddea6 (webtiles) character file.

191 kiturien the Chopper (level 5, -8/45 HPs)
             Began as a Draconian Skald on Dec 13, 2017.
             Mangled by a gnoll
             ... wielding a +0 halberd
              (21 damage)
             ... on level 3 of the Dungeon.
             The game lasted 00:04:49 (2425 turns).

kiturien the Chopper (Draconian Skald)              Turns: 2425, Time: 00:04:50

Health: -8/45      AC:  5    Str: 13    XL:     5   Next: 42%
Magic:  8/8        EV: 13    Int: 14    God:
Gold:   26         SH:  0    Dex: 11    Spells: 7/8 levels left

rFire    . . .     SeeInvis .   a - +0 hand axe
rCold    . . .     Gourm    .   (no shield)
rNeg     . . .     Faith    .   (armour unavailable)
rPois    .         Spirit   .   (helmet restricted)
rElec    .         Reflect  .   (no cloak)
rCorr    .         Harm     .   (no gloves)
MR       .....     Clarity  +   (no boots)
Stlth    +.........             (no amulet)
HPRegen  0.15/turn              (no ring)
MPRegen  0.11/turn              (no ring)

@: no status effects
A: unfitting armour, horns 1, blurry vision 1, clarity, cold-blooded, AC +5
a: no special abilities


You were on level 3 of the Dungeon.
You were not hungry.

You visited 1 branch of the dungeon, and saw 3 of its levels.

You collected 26 gold pieces.

Inventory:

Hand Weapons
 a - a +0 hand axe (weapon)
Wands
 p - a wand of paralysis (14)
Scrolls
 g - a scroll of enchant armour
 h - a scroll of remove curse
 i - a scroll of random uselessness
 o - a scroll of identify
Potions
 e - a potion of berserk rage
 k - a potion of mutation
 m - 2 potions of haste
 n - a potion of curing
Books
 b - a book of Battle

   Spells                             Type                      Level
   a - Infusion                       Charms                       1
   b - Shroud of Golubria             Charms/Translocation         2
   c - Song of Slaying                Charms                       2
   d - Spectral Weapon                Hexes/Charms                 3
   e - Regeneration                   Charms/Necromancy            3
Comestibles
 c - 2 bread rations
 d - 2 royal jellies
 f - 3 meat rations
 q - 6 chunks of flesh


   Skills:
 + Level 3.4 Fighting
 + Level 3.5 Axes
 + Level 3.1 Dodging
 + Level 2.4 Spellcasting
 + Level 3.3 Charms


You had 7 spell levels left.
You knew the following spells:

 Your Spells              Type           Power        Failure   Level  Hunger
a - Infusion              Chrm           ##..         6%          1    #......


Dungeon Overview and Level Annotations

Branches:
Dungeon (3/15)

Altars:
Ru


Innate Abilities, Weirdness & Mutations

Your plain brown scales are hard. (AC +5)
You cannot fit into any form of body armour.
You are cold-blooded and may be slowed by cold attacks.
You have a pair of small horns on your head.
Scrolls take you a little longer to read.
You possess an exceptional clarity of mind.


Message History

You hit the gnoll. You headbutt the gnoll.
The gnoll is heavily wounded.
The gnoll closely misses you. x3
You barely miss the gnoll.
The gnoll is heavily wounded.
The gnoll hits you from afar with a halberd!
The gnoll closely misses you.
You hit the gnoll.
Your tail-slap misses the gnoll.
The gnoll is heavily wounded.
The gnoll closely misses you. The gnoll hits you with a spear!
You hit the gnoll.
You kill the gnoll!
The gnoll closely misses you. The gnoll hits you with a halberd!
* * * LOW HITPOINT WARNING * * *
You see here a spear.
You hit the gnoll. Your headbutt misses the gnoll.
The gnoll is heavily wounded.
The gnoll hits you with a halberd!!
You die...

.#.# .#..
.#.##### #
.#.....#
#.#####.#.....#
#.......#.....#
#......##.###.##
#.....gg@......#
#......##....###
........#####.#
######### #<.(#
#####


You could see 2 gnolls.

Vanquished Creatures
  A crimson imp (D:2)
  2 orc priests (D:2)
  An orc wizard (D:2)
  An adder (D:2)
  A gnoll (D:3)
  3 worms
  3 orcs (D:3)
  6 bats
  3 giant cockroaches
  5 goblins
  5 hobgoblins
  2 jackals (D:1)
  A quokka (D:2)
  4 frilled lizards
  5 kobolds
  7 rats
50 creatures vanquished.

Notes
Turn   | Place    | Note
-------+----------+-------------------------------------------
     0 | D:1      | kiturien the Draconian Skald began the quest for the Orb.
     0 | D:1      | Reached XP level 1. HP: 17/17 MP: 3/3
   217 | D:1      | Reached XP level 2. HP: 18/24 MP: 5/5
  1045 | D:1      | Gained mutation: Scrolls take you a little longer to read. [potion of mutation]
  1045 | D:1      | Gained mutation: You possess an exceptional clarity of mind. [potion of mutation]
  1045 | D:1      | Gained mutation: You have a pair of small horns on your head. [potion of mutation]
  1106 | D:2      | Found a sacrificial altar of Ru.
  1120 | D:2      | Reached XP level 3. HP: 30/30 MP: 0/6
  1122 | D:2      | Reached XP level 4. HP: 37/37 MP: 0/7
  1341 | D:2      | Reached XP level 5. HP: 26/45 MP: 8/8
  2425 | D:3      | Mangled by a gnoll

Vault maps used:
D:1:      giann_forest_graveyard
D:2:      first_bread, nicolae_ru_awakened_eye
D:3:      uniq_sigmund

Skill      XL: |  1  2  3  4  5 |
---------------+----------------+-----
Charms         | 3 |  3.3
Fighting       | 3 |  3.4
Axes           | 3 |  3.5
Dodging        | 3 |  3.1
Spellcasting   | |  2.4

Action                   |  1- 3 |  4- 6 || total
-------------------------+-------+-------++-------
Melee: Hand axe          |    70 |   185 ||   255
       Tailslap          |     5 |    17 ||    22
       Headbutt          |     1 |    18 ||    19
 Cast: Infusion          |     1 |     1 ||     2
  Use: Potion            |     3 |       ||     3
       Scroll            |     1 |     6 ||     7
  Eat: Chunk             |       |     4 ||     4
       Bread ration      |       |     1 ||     1
Armor: Skin              |    26 |    44 ||    70
Dodge: Dodged            |    68 |   104 ||   172

Table legend:
 A = Spawn XP
 B = Non-spawn XP
 C = Spawn XP percentage of total XP
 D = Spawn monster count
 E = Non-spawn monster count
 F = Spawn count percentage of total count
 G = Total turns spent on level
                    A         B        C        D         E        F      G
               +---------+---------+-------+---------+---------+-------+---------
         Total |       0 |     274 |   0.0 |       0 |      50 |   0.0 |  2425
               +---------+---------+-------+---------+---------+-------+---------
           D:1 |       0 |      35 |   0.0 |       0 |      22 |   0.0 |  1082
           D:2 |       0 |     210 |   0.0 |       0 |      22 |   0.0 |  1170
           D:3 |       0 |      29 |   0.0 |       0 |       6 |   0.0 |   173
               +---------+---------+-------+---------+---------+-------+---------
